 Seeded DCSS version 0.31-a0-210-gccc998df9b (webtiles) character file.

Game seed: 8113056780134302019 (custom seed)

59 innerfire43 the Chopper (level 3, -1/29 HPs)
             Began as a Demonspawn Monk on June 30, 2023.
             Succumbed to an adder's poison
             ... on level 2 of the Dungeon.
             The game lasted 00:01:20 (739 turns).

innerfire43 the Chopper (Demonspawn Monk)            Turns: 739, Time: 00:01:20

Health: -1/29      AC:  3    Str: 13    XL:     3   Next: 78%
Magic:  3/3        EV: 12    Int: 13    God:
Gold:   24         SH:  0    Dex: 11    Spells: 2/2 levels left

rFire   . . .        a - +0 hand axe
rCold   . . .        d - orb {light}
rNeg    . . .        b - +0 robe
rPois   .            h - +0 helmet
rElec   +            f - scarf "Earthly Heaven" {shadows, rElec Int+2 Dex-4}
rCorr   .            (no gloves)
SInv    .            (no boots)
Will    .....        (no amulet)
Stlth   +            (no ring)
HPRegen 0.24/turn    (no ring)
MPRegen 0.08/turn

%: no passive effects
@: lethally poisoned (-1 -> -8), glowing
A: demonic touch 1
a: no special abilities


You were on level 2 of the Dungeon.
You visited 1 branch of the dungeon, and saw 2 of its levels.

You collected 24 gold pieces.

Inventory:

Hand Weapons
 a - a +0 hand axe (weapon)
Armour
 b - a +0 robe (worn)
 d - an orb of light (worn)
 f - the scarf "Earthly Heaven" (worn) {shadows, rElec Int+2 Dex-4}
   (You acquired it on level 1 of the Dungeon)

   Int:       It affects your intelligence (+2).
   Dex:       It affects your dexterity (-4).
   rElec:     It insulates you from electricity.
 h - a +0 helmet (worn)
 k - a +0 tower shield
Jewellery
 e - a ring of see invisible
Scrolls
 g - 2 scrolls of vulnerability {unknown}
 i - a scroll of fog {unknown}
 j - 3 scrolls of teleportation {unknown}
 l - a scroll of amnesia {unknown}
Potions
 c - a potion of ambrosia


   Skills:
 + Level 3.5 Fighting
 * Level 3.6 Axes
 + Level 3.1 Dodging


You had 2 spell levels left.
You didn't know any spells.
Your spell library was empty.

Dungeon Overview and Level Annotations

Branches:
Dungeon (2/15)

Altars:

Shops:
D:1 ?


Innate Abilities, Weirdness & Mutations

Your touch may inflict minor irresistible damage on your foes.


Message History

The adder is moderately wounded.
You hit the adder. The adder bites you.
You are poisoned.
The adder poisons you! The adder barely misses you. The adder bites you.
The adder bites you but does no damage.
There are monsters nearby!
You hit the adder but do no damage.
The adder is moderately wounded.
You hit the adder but do no damage.
You feel sick. The adder bites you but does no damage. The adder bites you.
You are more poisoned.
The adder poisons you!
There are monsters nearby!
You hit the adder.
The adder is almost dead.
You hit the adder.
You feel sick. The adder barely misses you. The adder bites you.
You are more poisoned.
The adder poisons you! The adder bites you.
You are lethally poisoned!
The adder poisons you!
You hit the adder.
The adder is almost dead.
You hit the adder but do no damage.
You feel very sick.
The adder closely misses you. x2; The adder bites you.
You slash the adder!
You kill the adder!
You hit the adder but do no damage.
* * * LOW HITPOINT WARNING * * *
You feel very sick. The adder misses you.
Unknown command.
* * * LOW HITPOINT WARNING * * *
You feel sick. The adder completely misses you. The adder bites you.
* * * LOW HITPOINT WARNING * * *
You see here an adder corpse.
You closely miss the adder.
The adder is almost dead.
You die...

............#
#.##........##
##.#...#.###.#
?..#.........#
#.......#####
###..[###
#..)# ##
#..)##....
#.S@..>...
.............
.............
.............
####..$..<...
#...##....
#...# ####


You could see an adder.

Vanquished Creatures
  A gnoll (D:1)
  2 adders (D:2)
  2 dart slugs (D:1)
  2 ball pythons (D:1)
  5 bats (D:1)
  2 endoplasms (D:1)
  3 giant cockroaches (D:1)
  4 goblins
  3 kobolds
  A quokka (D:1)
  A rat (D:1)
26 creatures vanquished.

Notes
Turn   | Place    | Note
-------+----------+-------------------------------------------
     0 | D:1      | innerfire43 the Demonspawn Monk began the quest for the
                  | Orb.
     0 | D:1      | Reached XP level 1. HP: 18/18 MP: 1/1
    67 | D:1      | Gained mutation: Your touch may inflict minor irresistible
                  | damage on your foes. [demonic ancestry]
    67 | D:1      | Reached XP level 2. HP: 24/24 MP: 2/2
   159 | D:1      | Identified a scroll of acquirement
   159 | D:1      | Acquired the scarf "Earthly Heaven" {shadows, rElec Int+2
                  | Dex-4}
   274 | D:1      | Reached XP level 3. HP: 3/29 MP: 3/3
   421 | D:1      | Found Ponycs's Magic Scroll Shop.
   738 | D:2      | HP: 1/29 [adder (3)]
   739 | D:2      | Succumbed to an adder's poison

Illustrated notes

Levels and vault maps discovered:
D:1:      roderic_crossed_star, layout_rooms, serial_shops, nicolae_diamond_shop
D:2:      layout_loops_cross

Skill      XL: |  1  2 |
---------------+-------+-----
Axes           | 3 |  3.6
Dodging        | 3 |  3.1
Fighting       | |  3.5

Action                     || total
---------------------------++-------
  Melee: Hand axe          ||    73
    Use: Scroll            ||     1
 Armour: Robe              ||    21
  Dodge: Dodged            ||    46

Table legend: (Time is in decaauts)
 A = Elapsed time spent in this place.
 B = Non-inter-level travel time spent in this place.
 C = Inter-level travel time spent in this place.
 D = Time resting spent in this place.
 E = Time spent auto-exploring this place.
 F = Levels seen in this place.
 G = Mean time per level.
                   A        B        C        D        E       F      G
               +--------+--------+--------+--------+--------+-----+--------+
         Total |    749 |    702 |     47 |      0 |    520 |   2 |  374.5 |
       Dungeon |    749 |    702 |     47 |      0 |    520 |   2 |  374.5 |
               +--------+--------+--------+--------+--------+-----+--------+

Top non-repeatable levels by time:
     D:1: 649 daAuts
     D:2: 99 daAuts
